 Dungeon Crawl Stone Soup version 0.23.0 (webtiles) character file.

Game seed: 4317998526395981437

152 inmateoo the Chopper (level 5, 0/72 HPs)
             Began as a Minotaur Fighter on Feb 12, 2019.
             Succumbed to an orc wizard's poison
             ... on level 3 of the Dungeon.
             The game lasted 00:01:20 (1039 turns).

inmateoo the Chopper (Minotaur Fighter)             Turns: 1039, Time: 00:01:20

Health: 0/72       AC: 22    Str: 21    XL:     5   Next: 11%
Magic:  4/4        EV:  2    Int:  5    God:
Gold:   126        SH: 10    Dex: 15    Spells: 4/4 levels left

rFire    . . .     SeeInvis .   a - +0 war axe
rCold    . . .     Gourm    .   c - +0 shield
rNeg     + + +     Faith    .   (armour currently unavailable)
rPois    +         Spirit   .   (helmet currently unavailable)
rElec    .         Reflect  .   (cloak currently unavailable)
rCorr    .         Harm     .   (gloves currently unavailable)
MR       .....     NoTele   +   (boots currently unavailable)
Stlth    ++........             (no amulet)
HPRegen  0.22/turn              (no ring)
MPRegen  0.09/turn              (no ring)

@: agile, lethally poisoned (0 -> -15), tree-form
A: (retaliatory headbutt)
a: no special abilities


You were on level 3 of the Dungeon.
You were hungry.
You were a tree.
You visited 1 branch of the dungeon, and saw 3 of its levels.

You collected 126 gold pieces.

Inventory:

Hand Weapons
 a - a +0 war axe (weapon)
Armour
 b - a +0 scale mail (melded)
 c - a +0 shield (worn)
 j - a +0 pair of gloves (melded)
Jewellery
 h - a +3 ring of evasion {unknown}
 i - an uncursed ring of protection from magic {unknown}
Wands
 n - a wand of digging (6)
Scrolls
 k - 3 scrolls of identify {unknown}
Potions
 d - a potion of might
Comestibles
 f - 3 rations


   Skills:
 + Level 5.0 Fighting
 * Level 5.5 Axes
 - Level 3.6 Armour
 - Level 3.6 Shields


You had 4 spell levels left.
You didn't know any spells.
Your spell library was empty.

Dungeon Overview and Level Annotations

Branches:
Dungeon (2/15)

Altars:


Innate Abilities, Weirdness & Mutations

((You reflexively headbutt those who attack you in melee.))
((You have a pair of horns on your head.))


Message History

Unknown command.
* * * LOW HITPOINT WARNING * * *
You feel sick. You block the orc wizard's attack.
You hit the orc wizard but do no damage.
The orc wizard is almost dead.
* * * LOW HITPOINT WARNING * * *
You feel very sick. You block the orc wizard's attack. x2
Unknown command.
You slash the orc wizard!
You kill the orc wizard!
Your Fighting skill increases to level 5!
You have reached level 5!
* * * LOW HITPOINT WARNING * * *
You feel very sick.
* * * LOW HITPOINT WARNING * * *
You feel sick.
* * * LOW HITPOINT WARNING * * *
You feel sick.
You die...

....# ....# ##........##
....# #..........# ....#
#..........# ....##
#..........# .....#
#<.........##..
##.#.#####............ .
....[..........)...# ...
##...#######....♣..##...
###)..#####.....).......
# #.........####.....#..
###........####.........
...........##...........
##...#.####............#
#......................#
..#......#####(....>...#
......##..## #..........


There were no monsters in sight!

Vanquished Creatures
  2 orc wizards (D:3)
  5 adders
  A worm (D:2)
  2 dart slugs (D:1)
  3 leopard geckos (D:1)
  2 orcs (D:3)
  5 goblins
  4 hobgoblins
  3 quokkas
  3 bats
  4 frilled lizards
  5 kobolds
  6 rats
45 creatures vanquished.

Notes
Turn   | Place    | Note
-------+----------+-------------------------------------------
     0 | D:1      | inmateoo the Minotaur Fighter began the quest for the Orb.
     0 | D:1      | Reached XP level 1. HP: 19/19 MP: 0/0
   156 | D:1      | Reached XP level 2. HP: 26/27 MP: 1/1
   641 | D:2      | Reached XP level 3. HP: 33/33 MP: 2/2
   819 | D:2      | You fall through a shaft!
   854 | D:3      | Reached XP level 4. HP: 38/41 MP: 3/3
  1022 | D:3      | Reached skill level 5 in Axes
  1025 | D:3      | HP: 1/41 [orc wizard/magic dart (7)]
  1036 | D:3      | Reached skill level 5 in Fighting
  1036 | D:3      | Reached XP level 5. HP: 8/48 MP: 4/4
  1038 | D:3      | HP: 2/72 [poisoned by an orc wizard]
  1039 | D:3      | Succumbed to an orc wizard's poison

Skill      XL: |  1  2  3  4 |
---------------+-------------+-----
Axes           | 3 4 5 |  5.5
Fighting       | 4 5 |  5.0
Armour         | |  3.6
Shields        | |  3.6

Action                   |  1- 3 |  4- 6 || total
-------------------------+-------+-------++-------
Melee: War axe           |    78 |    39 ||   117
       Headbutt          |    10 |     8 ||    18
  Use: Potion            |       |     4 ||     4
Armor: Scale mail        |    32 |    31 ||    63
       Skin              |       |     1 ||     1
Dodge: Dodged            |    23 |    16 ||    39
Block: Shield            |    41 |    26 ||    67
